AoeStats
← Deadly_Apostate

Nomad

507137039Analyzed
3v3 RM · 15d ago on Sep 16, 2026· 29m 51s· 6 players
Game mode
Random Map
Map size
210×210
Population
200
Speed
Normal
Resources
Standard
Victory
Conquest
Starting age
Dark Age
Ending age
Imperial Age
RankedLock teamsTeams togetherTeam positionsShared explorationLock speedFull tech treeHidden civsTurbo modeCheats
Victory
Defeat
🇮🇳 Mapuche · India
1251
+14
🇺🇸 Huns · United States
1130
+19
🇩🇪 Cumans · Germany
1076
+22
🇩🇪 Malians · Germany
1221
-19
🇫🇷 Goths · France
1206
-18
🇩🇪 Aztecs · Germany
1183
-18
spicyP
4:29 Loom
14:13 Feudal Age
16:18 Town Watch
17:52 Double-Bit Axe
20:15 Scale Mail Armor
21:59 Arson
29:08 Wheelbarrow
28:44 Forging
28:52 Gold Mining
Kayou
11:14 Loom
13:16 Feudal Age
14:26 Double-Bit Axe
fumarmata
4:13 Loom
14:43 Feudal Age
15:09 Double-Bit Axe
19:33 Castle Age
17:24 Man-at-Arms
17:50 Arson
19:03 Scale Mail Armor
21:31 Bow Saw
22:23 Long Swordsman
23:14 Horse Collar
25:42 Chain Mail Armor
25:41 Squires
25:54 Forging
26:45 Wheelbarrow
unzelfunzel
4:09 Loom
12:30 Feudal Age
16:38 Wheelbarrow
16:08 Double-Bit Axe
16:15 Horse Collar
23:55 Castle Age
22:55 Scale Barding Armor
23:01 Forging
24:32 Bloodlines
25:11 Chain Barding Armor
25:27 Iron Casting
27:58 Heavy Plow
28:52 Bow Saw
29:12 Fishing Lines
Deadly_Apostate
6:14 Loom
13:07 Feudal Age
13:54 Double-Bit Axe
20:15 Castle Age
18:39 Horse Collar
18:54 Fletching
19:28 Gold Mining
20:44 Bloodlines
22:17 Wheelbarrow
25:12 Stone Mining
26:04 Husbandry
26:09 Padded Archer Armor
RockAxe2
5:29 Loom
14:58 Feudal Age
15:36 Town Watch
16:05 Double-Bit Axe
18:33 Castle Age
19:50 Medium Warships
19:50 Champi Runner
20:16 Arson
20:17 Horse Collar
20:50 Bow Saw
22:21 Horse Collar
22:53 Champi Warrior
25:23 Scale Mail Armor
27:35 Chain Mail Armor
28:44 Wheelbarrow
Connection lost

Rejoining the realm…

Still unreachable

The connection could not be restored.

Session expired

The server has moved on; the page needs a fresh start.